 Dungeon Crawl Stone Soup version 0.22-a0-423-g4197694 (webtiles) character file.

28 iamserjio the Ducker (level 2, -2/14 HPs)
             Began as a Felid Monk on May 23, 2018.
             Slain by an adder (4 damage)
             ... on level 2 of the Dungeon.
             The game lasted 00:01:48 (1660 turns).

iamserjio the Ducker (Felid Monk)                   Turns: 1660, Time: 00:01:49

Health: -2/14      AC:  1    Str:  7    XL:     2   Next: 96%
Magic:  3/3        EV: 20    Int: 16    God:
Gold:   88         SH:  0    Dex: 18    Spells: 1/1 levels left
                                        Lives:  0   Deaths: 0

rFire    . . .     SeeInvis +     - Unarmed
rCold    . . .     Gourm    .   (shield unavailable)
rNeg     . . .     Faith    .   (armour unavailable)
rPois    .         Spirit   .   (helmet unavailable)
rElec    .         Reflect  .   (cloak unavailable)
rCorr    .         Harm     .   (gloves unavailable)
MR       .....                  (boots unavailable)
Stlth    +++.......             (no amulet)
HPRegen  0.04/turn              (no ring)
MPRegen  0.08/turn              (no ring)

@: brilliant, lethally poisoned (-2 -> -14), quick
A: very small, no armour, no weapons or thrown items, stealth, claws 1, fangs 3,
see invisible, carnivore, speed 1, shaggy fur 1, slow metabolism 1, sharp paws
a: no special abilities


You were on level 2 of the Dungeon.
You were very full.

You visited 1 branch of the dungeon, and saw 2 of its levels.

You collected 88 gold pieces.

Inventory:

Wands
 g - a wand of random effects (37)
Scrolls
 b - 4 scrolls of identify {unknown}
 c - a scroll of remove curse {unknown}
 d - a scroll of noise {unknown}
 f - a scroll of magic mapping {unknown}
 i - a scroll of random uselessness {unknown}
 j - a scroll of amnesia {unknown}
Comestibles
 a - 3 rations


   Skills:
 + Level 3.2 Fighting
 * Level 4.5 Dodging
 + Level 3.1 Stealth
 * Level 3.4 Unarmed Combat


You had one spell level left.
You didn't know any spells.
Your spell library was empty.

Dungeon Overview and Level Annotations

Branches:
Dungeon (2/15)

Altars:
Trog
Xom


Innate Abilities, Weirdness & Mutations

You cannot wear armour.
You are incapable of wielding weapons or throwing items.
Your paws allow you to move quietly. (Stealth)
You have sharp claws.
You have razor-sharp teeth.
You have supernaturally acute eyesight. (SInv)
You are carnivorous and can eat meat at any time.
You cover ground quickly.
You are covered in fur. (AC +1)
You have a slow metabolism.
Your sharp claws are effective at attacking unaware monsters.


Message History

The adder bites you. x2
You are poisoned.
The adder poisons you!
You scratch the adder.
The adder is severely wounded.
You feel sick. The adder completely misses you.
You miss the adder.
The adder is severely wounded.
The adder bites you.
You are lethally poisoned!
The adder poisons you!
You closely miss the adder.
The adder is severely wounded.
You feel sick. The adder bites you.
* * * LOW HITPOINT WARNING * * *
It was a potion of brilliance.
You feel clever all of a sudden.
* * * LOW HITPOINT WARNING * * *
You feel sick. The adder misses you. The adder bites you.
You die...

#..###.#########.
####.....#########
#.....#...#......#
#.#######.#......#
#.#######....)...#
#..............>.#
###########......#
########.........
......S@.......#.
################


You could see an adder.

Vanquished Creatures
  An ooze (D:1)
  A dart slug (D:1)
  3 bats (D:1)
  2 giant cockroaches (D:2)
  3 goblins
  A hobgoblin (D:2)
  4 jackals (D:1)
  A kobold (D:1)
  A frilled lizard (D:1)
  2 rats
19 creatures vanquished.

Notes
Turn   | Place    | Note
-------+----------+-------------------------------------------
     0 | D:1      | iamserjio the Felid Monk began the quest for the Orb.
     0 | D:1      | Reached XP level 1. HP: 10/10 MP: 2/2
   337 | D:1      | Reached XP level 2. HP: 14/14 MP: 3/3
  1556 | D:2      | Found a shimmering altar of Xom.
  1603 | D:2      | Found a bloodstained altar of Trog.
  1660 | D:2      | Slain by an adder

Vault maps used:
D:1:      minmay_arrival_diagonal_passages
D:2:      overflow_temple_1_default, xom_butterflies, first_ration

Skill      XL: |  1  2 |
---------------+-------+-----
Stealth        | 3 |  3.1
Fighting       | |  3.2
Dodging        | |  4.5
Unarmed Combat | |  3.4

Action                   || total
-------------------------++-------
Melee: Unarmed           ||    59
       Bite              ||     4
       Punch             ||     1
  Use: Potion            ||     1
 Stab: Sleeping          ||     6
  Eat: Chunk             ||     8
Armor: Skin              ||     1
Dodge: Dodged            ||    44

Table legend:
 A = Spawn XP
 B = Non-spawn XP
 C = Spawn XP percentage of total XP
 D = Spawn monster count
 E = Non-spawn monster count
 F = Spawn count percentage of total count
 G = Total turns spent on level
                    A         B        C        D         E        F      G
               +---------+---------+-------+---------+---------+-------+---------
         Total |       0 |      40 |   0.0 |       0 |      19 |   0.0 |  1660
               +---------+---------+-------+---------+---------+-------+---------
           D:1 |       0 |      31 |   0.0 |       0 |      14 |   0.0 |  1556
           D:2 |       0 |       9 |   0.0 |       0 |       5 |   0.0 |   104
               +---------+---------+-------+---------+---------+-------+---------
